SL
LOUISVILLE BC @ NEW AMSTERDAM REPUBLICS
08/18/2024
 
TOP OF THE 1ST
Louisville BC batting - Pitching for New Amsterdam Republics : RHP Andy Coker
Pitching: RHP Andy Coker
Batting: LHB Carroll Martin 0-0: Ball
1-0: Swinging Strike
1-1: DOUBLE (Line Drive, 9LM)
Batting: LHB Joram Nelen 0-0: Ball
1-0: Ball
2-0: Ball
3-0: Base on Balls
Batting: RHB Andrés Rodríguez 0-0: Called Strike
0-1: Foul Ball, location: 2F
0-2: Foul Ball, location: 2F
0-2: Strikes out swinging
Batting: RHB Chi-ju Zhang 0-0: Fly out, F9 (Flyball, 9M)
Runner from 2nd tags up, SAFE at 3rd with throw
Batting: RHB Aurelio Vázquez 0-0: Ball
1-0: Foul Ball, location: 2F
1-1: Swinging Strike
1-2: Strikes out looking
Top of the 1st over - 0 run(s), 1 hit(s), 0 error(s), 2 left on base; Louisville 0 - New Amsterdam 0
BOTTOM OF THE 1ST
New Amsterdam Republics batting - Pitching for Louisville BC : RHP Leroy Picot
Pitching: RHP Leroy Picot
Batting: RHB Alfredo Suárez 0-0: Called Strike
0-1: Ball
1-1: Ball
2-1: Ball
3-1: Fly out, F5 (Popup, 25)
Batting: LHB Eric Ward 0-0: Ball
1-0: Ground out 4-3 (Groundball, 4)
Batting: RHB Hank Wilder 0-0: Ground out 6-3 (Groundball, 6M)
Bottom of the 1st over - 0 run(s), 0 hit(s), 0 error(s), 0 left on base; Louisville 0 - New Amsterdam 0
TOP OF THE 2ND
Louisville BC batting - Pitching for New Amsterdam Republics : RHP Andy Coker
Batting: LHB Tim Hargrove 0-0: Ball
1-0: Called Strike
1-1: Foul Ball, location: 2F
1-2: Ball
2-2: Ball
3-2: SINGLE (Line Drive, 8RS)
Batting: SHB Chris Williamson 0-0: Called Strike
0-1: Ball
1-1: Foul Ball, location: 2F
1-2: Ball
2-2: Ground out 5-3 (Groundball, 56S)
Tim Hargrove to second
Batting: LHB Arturo Acevedo 0-0: Called Strike
0-1: Swinging Strike
0-2: Strikes out looking
Batting: RHB Micheal Murdoch 0-0: Foul Ball, location: 2F
0-1: Ball
Wild Pitch!
Tim Hargrove to third
1-1: Hit by Pitch
Batting: LHB Carroll Martin 0-0: Ball
1-0: Ball
2-0: Ball
3-0: Called Strike
3-1: Called Strike
3-2: SINGLE (Groundball, 34)
Tim Hargrove scores
Micheal Murdoch to second
Micheal Murdoch to third
Batting: LHB Joram Nelen 0-0: Called Strike
0-1: Ball
1-1: Called Strike
1-2: Ball
2-2: Ball
Carroll Martin is caught stealing 2nd base
Top of the 2nd over - 1 run(s), 2 hit(s), 0 error(s), 0 left on base; Louisville 1 - New Amsterdam 0
BOTTOM OF THE 2ND
New Amsterdam Republics batting - Pitching for Louisville BC : RHP Leroy Picot
Batting: LHB Félix López 0-0: Foul Ball, location: 2F
0-1: Foul Ball, location: 2F
0-2: Strikes out swinging
Batting: RHB António Pérez 0-0: Foul Ball, location: 2F
0-1: Foul Ball, location: 2F
0-2: Ball
1-2: Strikes out swinging
Batting: RHB Ed Anderson 0-0: Called Strike
0-1: Foul Ball, location: 2F
0-2: Ball
1-2: Fly out, F9 (Line Drive, 9S)
Bottom of the 2nd over - 0 run(s), 0 hit(s), 0 error(s), 0 left on base; Louisville 1 - New Amsterdam 0
TOP OF THE 3RD
Louisville BC batting - Pitching for New Amsterdam Republics : RHP Andy Coker
Batting: LHB Joram Nelen 0-0: Ball
1-0: Ball
2-0: Called Strike
2-1: Foul Ball, location: 2F
2-2: Ball
3-2: DOUBLE (Line Drive, 34)
Batting: RHB Andrés Rodríguez 0-0: Called Strike
0-1: Ball
1-1: Ball
2-1: Foul Ball, location: 2F
2-2: Strikes out looking
Batting: RHB Chi-ju Zhang 0-0: Ball
1-0: Ball
2-0: Called Strike
2-1: Foul Ball, location: 2F
2-2: Ball
3-2: Strikes out swinging
Batting: RHB Aurelio Vázquez 0-0: Ball
1-0: Called Strike
1-1: Ball
2-1: Ball
3-1: Base on Balls
Batting: LHB Tim Hargrove 0-0: Called Strike
0-1: Ball
1-1: Called Strike
1-2: Strikes out swinging
Top of the 3rd over - 0 run(s), 1 hit(s), 0 error(s), 2 left on base; Louisville 1 - New Amsterdam 0
BOTTOM OF THE 3RD
New Amsterdam Republics batting - Pitching for Louisville BC : RHP Leroy Picot
Batting: LHB Steve Ingram 0-0: Called Strike
0-1: Ball
1-1: Bunt for hit - play at first, batter OUT! 2-3
Batting: RHB Tim Robinson 0-0: Ball
1-0: Swinging Strike
1-1: Ball
2-1: Ground out 1-3 (Groundball, 13)
Batting: RHB Jim Harris 0-0: Foul Ball, location: 2F
0-1: Swinging Strike
0-2: Ball
1-2: Ball
2-2: Ball
3-2: Strikes out swinging
Bottom of the 3rd over - 0 run(s), 0 hit(s), 0 error(s), 0 left on base; Louisville 1 - New Amsterdam 0
TOP OF THE 4TH
Louisville BC batting - Pitching for New Amsterdam Republics : RHP Andy Coker
Batting: SHB Chris Williamson 0-0: Called Strike
0-1: Foul Ball, location: 2F
0-2: Fly out, F7 (Flyball, 7M)
Batting: LHB Arturo Acevedo 0-0: Ball
1-0: Ground out U3 (Groundball, 3)
Batting: RHB Micheal Murdoch 0-0: Ball
1-0: SINGLE (Line Drive, 8LS)
Batting: LHB Carroll Martin 0-0: Ball
1-0: Ball
2-0: Called Strike
2-1: Called Strike
2-2: Ball
3-2: DOUBLE (Line Drive, 3D)
Micheal Murdoch to third
Micheal Murdoch scores
Batting: LHB Joram Nelen 0-0: Ball
1-0: Foul Ball, location: 2F
1-1: SINGLE (Groundball, 34D)
Carroll Martin to third
Runner from 3rd tries for Home, SAFE, no throw or cutoff
Batting: RHB Andrés Rodríguez 0-0: Ground out 6-3 (Groundball, 6)
Top of the 4th over - 2 run(s), 3 hit(s), 0 error(s), 1 left on base; Louisville 3 - New Amsterdam 0
BOTTOM OF THE 4TH
New Amsterdam Republics batting - Pitching for Louisville BC : RHP Leroy Picot
Batting: RHB Alfredo Suárez 0-0: Bunt for hit - play at first, batter OUT! 2-3
Batting: LHB Eric Ward 0-0: Ball
1-0: Ball
2-0: Called Strike
2-1: Foul Ball, location: 2F
2-2: Ball
3-2: Fly out, F8 (Flyball, 8LXD)
Batting: RHB Hank Wilder 0-0: Called Strike
0-1: Fly out, F3 (Popup, 34)
Bottom of the 4th over - 0 run(s), 0 hit(s), 0 error(s), 0 left on base; Louisville 3 - New Amsterdam 0
TOP OF THE 5TH
Louisville BC batting - Pitching for New Amsterdam Republics : RHP Andy Coker
Batting: RHB Chi-ju Zhang 0-0: Fly out, F9 (Flyball, 9M)
Batting: RHB Aurelio Vázquez 0-0: Called Strike
0-1: Ball
1-1: Ball
2-1: SINGLE (Flyball, 8LS)
Batting: LHB Tim Hargrove 0-0: Ball
1-0: Ball
2-0: Grounds into double play, 4-6-3 (Groundball, 4)
Top of the 5th over - 0 run(s), 1 hit(s), 0 error(s), 0 left on base; Louisville 3 - New Amsterdam 0
BOTTOM OF THE 5TH
New Amsterdam Republics batting - Pitching for Louisville BC : RHP Leroy Picot
Batting: LHB Félix López 0-0: Called Strike
0-1: Ball
1-1: Swinging Strike
1-2: Foul Ball, location: 2F
1-2: Foul Ball, location: 2F
1-2: Ball
2-2: Ball
3-2: Strikes out looking
Batting: RHB António Pérez 0-0: Foul Ball, location: 2F
0-1: Ground out 1-3 (Groundball, 13S)
Batting: RHB Ed Anderson 0-0: Ball
1-0: Ball
2-0: Ball
3-0: Called Strike
3-1: Base on Balls
Batting: LHB Steve Ingram 0-0: Ground out 4-3 (Groundball, 4)
Bottom of the 5th over - 0 run(s), 0 hit(s), 0 error(s), 1 left on base; Louisville 3 - New Amsterdam 0
TOP OF THE 6TH
Louisville BC batting - Pitching for New Amsterdam Republics : RHP Andy Coker
Batting: SHB Chris Williamson 0-0: Ball
1-0: Called Strike
1-1: Swinging Strike
1-2: Ground out 4-3 (Groundball, 34)
Batting: LHB Arturo Acevedo 0-0: Foul Ball, location: 2F
0-1: Ball
1-1: Ball
2-1: Ground out 4-3 (Groundball, 34)
Batting: RHB Micheal Murdoch 0-0: Called Strike
0-1: Called Strike
0-2: Strikes out swinging
Top of the 6th over - 0 run(s), 0 hit(s), 0 error(s), 0 left on base; Louisville 3 - New Amsterdam 0
BOTTOM OF THE 6TH
New Amsterdam Republics batting - Pitching for Louisville BC : RHP Leroy Picot
Batting: RHB Tim Robinson 0-0: Foul Ball, location: 2F
0-1: Foul Ball, location: 2F
0-2: Foul Ball, location: 2F
0-2: Strikes out looking
Batting: RHB Jim Harris 0-0: Ball
1-0: Foul Ball, location: 2F
1-1: Swinging Strike
1-2: Foul Ball, location: 2F
1-2: Ball
2-2: Ball
3-2: Strikes out swinging
Batting: RHB Alfredo Suárez 0-0: Ball
1-0: Ball
2-0: Ball
3-0: Called Strike
3-1: Base on Balls
Batting: LHB Eric Ward 0-0: Ball
1-0: Called Strike
Alfredo Suárez steals 2nd base
1-1: Ball
2-1: Ball
3-1: Base on Balls
Batting: RHB Hank Wilder 0-0: Ball
Wild Pitch!
Alfredo Suárez to third
Eric Ward to second
1-0: Ball
2-0: Called Strike
2-1: Ball
3-1: DOUBLE (Line Drive, 89XD)
Alfredo Suárez scores
Eric Ward scores
Pitching: RHP Boyd Craig
Batting: LHB Félix López 0-0: Ground out 4-3 (Groundball, 4M)
Bottom of the 6th over - 2 run(s), 1 hit(s), 0 error(s), 1 left on base; Louisville 3 - New Amsterdam 2
TOP OF THE 7TH
Louisville BC batting - Pitching for New Amsterdam Republics : RHP Andy Coker
Batting: LHB Carroll Martin 0-0: Swinging Strike
0-1: Swinging Strike
0-2: Ball
1-2: Foul Ball, location: 2F
1-2: Strikes out swinging
Batting: LHB Joram Nelen 0-0: Ball
1-0: Swinging Strike
1-1: Ball
2-1: Fly out, F7 (Flyball, 7M)
Batting: RHB Andrés Rodríguez 0-0: Fly out, F7 (Line Drive, 7LM)
Top of the 7th over - 0 run(s), 0 hit(s), 0 error(s), 0 left on base; Louisville 3 - New Amsterdam 2
BOTTOM OF THE 7TH
New Amsterdam Republics batting - Pitching for Louisville BC : RHP Boyd Craig
Batting: RHB António Pérez 0-0: Ball
1-0: Called Strike
1-1: Foul Ball, location: 2F
1-2: Ground out 1-3 (Groundball, 15)
Batting: RHB Ed Anderson 0-0: Ball
1-0: Ball
2-0: Called Strike
2-1: Swinging Strike
2-2: Ground out 4-3 (Groundball, 4M)
Batting: LHB Steve Ingram 0-0: Foul Ball, location: 2F
0-1: Called Strike
0-2: Ball
1-2: Strikes out swinging
Bottom of the 7th over - 0 run(s), 0 hit(s), 0 error(s), 0 left on base; Louisville 3 - New Amsterdam 2
TOP OF THE 8TH
Louisville BC batting - Pitching for New Amsterdam Republics : RHP Andy Coker
Batting: RHB Chi-ju Zhang 0-0: Ball
1-0: Ground out 3-1 (Groundball, 34)
Pitching: RHP Ramón Lara
Batting: RHB Aurelio Vázquez 0-0: Ground out 1-3 (Groundball, 13S)
Batting: LHB Tim Hargrove 0-0: Ball
1-0: Ball
2-0: Foul Ball, location: 2F
2-1: Ground out 6-3 (Groundball, 6M)
Top of the 8th over - 0 run(s), 0 hit(s), 0 error(s), 0 left on base; Louisville 3 - New Amsterdam 2
BOTTOM OF THE 8TH
New Amsterdam Republics batting - Pitching for Louisville BC : RHP Boyd Craig
Pitching: RHP Vincente Ortíz
Now at 2B: Noriaki Okada
Batting: RHB Tim Robinson 0-0: Ball
1-0: Ball
2-0: Ball
3-0: Swinging Strike
3-1: Called Strike
Reached via error on a dropped throw, E3
Batting: RHB Jim Harris 0-0: Bunt missed!
0-1: Sac Bunt - play at first, batter OUT! 5-4
Tim Robinson to second
Batting: RHB Alfredo Suárez 0-0: Called Strike
0-1: Called Strike
0-2: Ball
1-2: Ball
2-2: Ground out 1-3 (Groundball, 15)
Pitching: LHP Mathies Pilegaard
Pinch Hitting: RHB Quincy van Enk 0-0: Called Strike
0-1: Fly out, F9 (Flyball, 9M)
Bottom of the 8th over - 0 run(s), 0 hit(s), 1 error(s), 1 left on base; Louisville 3 - New Amsterdam 2
TOP OF THE 9TH
Louisville BC batting - Pitching for New Amsterdam Republics : RHP Ramón Lara
Pitching: RHP Gavin Blackburn
Now at 1B: Quincy van Enk
Batting: SHB Chris Williamson 0-0: Ball
1-0: Called Strike
1-1: Ball
Reached via error on a dropped throw, E3
Batting: LHB Arturo Acevedo 0-0: Ball
1-0: Sac Bunt - play at first, batter OUT! 5-4
Chris Williamson to second
Batting: RHB Micheal Murdoch 0-0: Ball
1-0: Called Strike
1-1: SINGLE (Groundball, 6D)
Chris Williamson to third
Runner from 3rd tries for Home, SAFE, no throw or cutoff
Batting: LHB Carroll Martin 0-0: Called Strike
0-1: SINGLE (Flyball, 8LM)
Micheal Murdoch to second
Batting: LHB Joram Nelen 0-0: Ball
1-0: Foul Ball, location: 2F
1-1: Foul Ball, location: 2F
1-2: Foul Ball, location: 2F
1-2: Foul Ball, location: 2F
1-2: Foul Ball, location: 2F
1-2: Ball
2-2: Ball
3-2: Foul Ball, location: 2F
3-2: Fly out, F8 (Flyball, 8RXD)
Runner from 2nd tags up, SAFE at 3rd, no throw
Pinch Hitting: LHB Felipe López 0-0: Ball
1-0: Ball
2-0: Called Strike
2-1: Foul Ball, location: 2F
2-2: Ball
3-2: Base on Balls
Carroll Martin to second
Batting: RHB Chi-ju Zhang 0-0: Called Strike
0-1: Fly out, F9 (Popup, 34D)
Top of the 9th over - 1 run(s), 2 hit(s), 1 error(s), 3 left on base; Louisville 4 - New Amsterdam 2
BOTTOM OF THE 9TH
New Amsterdam Republics batting - Pitching for Louisville BC : LHP Mathies Pilegaard
Pitching: RHP Austin Stewart
Now at 2B: Cliff May
Batting: RHB Hank Wilder 0-0: Fly out, F9 (Flyball, 9LM)
Batting: LHB Félix López 0-0: Called Strike
0-1: Ground out 6-3 (Groundball, 6)
Batting: RHB António Pérez 0-0: Called Strike
0-1: Ball
1-1: Ball
2-1: SINGLE (Line Drive, 56D)
Batting: RHB Ed Anderson 0-0: Ball
1-0: Ball
2-0: Ball
3-0: Called Strike
3-1: Called Strike
3-2: Foul Ball, location: 2F
3-2: SINGLE (Line Drive, 6MD)
António Pérez to second
António Pérez to third
Batting: LHB Steve Ingram 0-0: Called Strike
0-1: Ball
1-1: Called Strike
1-2: Ball
2-2: Strikes out swinging
Bottom of the 9th over - 0 run(s), 2 hit(s), 0 error(s), 2 left on base; Louisville 4 - New Amsterdam 2
This league is powered by Out of the Park Baseball, the baseball management simulation game for PC, Mac and Linux
Monday, October 3rd, 2016 - OOTP Baseball 16.9 Build 39